 Dungeon Crawl Stone Soup version 0.15.2 (webtiles) character file.

908 Heini the Covered (level 7, -2/64 HPs)
             Began as a Minotaur Fighter on Feb 6, 2015.
             Slain by Heini's ghost (12 damage)
             ... on Level 4 of the Dungeon.
             The game lasted 00:06:20 (2316 turns).

Heini the Covered (Minotaur Fighter)                Turns: 2316, Time: 00:06:20

HP  -2/64        AC  9     Str 22      XL: 7   Next: 81%
MP   3/3         EV  7     Int  5      God:
Gold 215         SH  9     Dex 10      Spells:  0 memorised,  6 levels left

rFire  . . .     SeeInvis .     e - +0 morningstar
rCold  . . .     Clarity  +     b - +1 scale mail
rNeg   . . .     rCorr    .     c - +0 shield
rPois  .         rRot     .     (helmet restricted)
rElec  .         Spirit   .     (no cloak)
SustAb .         Warding  .     (no gloves)
rMut   .         Stasis   .     (no boots)
Gourm  .                        n - amulet of clarity
MR     .....                    (no ring)
                                (no ring)

@: not resistant to hostile enchantments, extremely unstealthy
A: retaliatory headbutt, horns 2
a: no special abilities


You were on level 4 of the Dungeon.
You were very hungry.

You visited 1 branch of the dungeon, and saw 4 of its levels.

You collected 215 gold pieces.

Inventory:

Hand weapons
 e - a +0 morningstar (weapon)
Armour
 b - a +1 scale mail (worn)
 c - a +0 shield (worn)
Comestibles
 d - 3 bread rations
 h - a meat ration
 j - a slice of pizza
 k - 2 beef jerkies
Scrolls
 o - a scroll of teleportation
Jewellery
 n - an amulet of clarity (around neck)
Potions
 m - a potion of restore abilities
 q - a potion of curing


   Skills:
 * Level 6.8 Fighting
 * Level 6.5 Maces & Flails
 * Level 7.5 Armour
 - Level 3.6 Shields


You had 6 spell levels left.
You didn't know any spells.

Dungeon Overview and Level Annotations

Branches:
Dungeon (4/15)
 Temple: D:4-7

Altars:
Xom

Annotations:
D:4 Heini's ghost, average MiFi


Innate Abilities, Weirdness & Mutations

You reflexively headbutt those who attack you in melee.
You have a pair of horns on your head.


Message History

You puncture Heini's ghost!
Heini's ghost is moderately damaged.
Heini's ghost hits you.
You hit Heini's ghost but do no damage.
Heini's ghost is moderately damaged.
Heini's ghost hits you. x2
You hit Heini's ghost but do no damage.
Heini's ghost is moderately damaged.
Heini's ghost barely misses you.
You closely miss Heini's ghost.
Heini's ghost is moderately damaged.
You are feeling very hungry.
Heini's ghost hits you!
You closely miss Heini's ghost.
Heini's ghost is moderately damaged.
Heini's ghost hits you!
* * * LOW HITPOINT WARNING * * *
All of the chunks of flesh in your inventory have rotted away.
Heini's ghost hits you!
You die...

...#.##### #.#
....#'#...#####.#
................#
................#.(..
[............=...'....#.
##.#........##.... .# #
#.a......# ....#.# O
##########(.W##########.
.#.#
#......)..(p@........
.#.
#.#######............ ..
#.# ####....####### .#
#.####.......#
######.#..
#.........####
#<........ #####......#
######.##.
######.....### .#
+........>....[ .#
##########.### .#


You could see a worker ant, Heini's ghost and a neutral freed slave (wandering).

Vanquished Creatures
  Pikel (D:4)
  Eustachio (D:4)
  Sigmund (D:2)
  A giant frog (D:3)
  Ijyb (D:2)
  7 adders
  A giant mite (D:3)
  An ooze (D:1)
  6 orcs
  A ball python (D:2)
  10 bats
  7 giant cockroaches
  7 goblins
  8 hobgoblins
  14 jackals
  3 quokkas (D:2)
  A giant gecko (D:3)
  3 giant newts
  3 kobolds
  9 rats
86 creatures vanquished.

Vanquished Creatures (others)
  A green rat (D:4)
  A bat (D:4)
  A kobold (D:4)
  A rat (D:4)
4 creatures vanquished.

Grand Total: 90 creatures vanquished

Notes
Turn   | Place    | Note
--------------------------------------------------------------
     0 | D:1      | Heini, the Minotaur Fighter, began the quest for the Orb.
     0 | D:1      | Reached XP level 1. HP: 19/19 MP: 1/1
   238 | D:1      | Reached skill level 4 in Fighting
   238 | D:1      | Reached XP level 2. HP: 22/27 MP: 1/1
   633 | D:1      | Reached XP level 3. HP: 33/33 MP: 2/2
   818 | D:2      | Noticed Ijyb
   832 | D:2      | Killed Ijyb
   832 | D:2      | Reached XP level 4. HP: 39/41 MP: 2/2
  1024 | D:2      | Reached skill level 5 in Armour
  1166 | D:2      | Noticed Sigmund
  1172 | D:2      | Killed Sigmund
  1172 | D:2      | Reached skill level 5 in Fighting
  1172 | D:2      | Reached XP level 5. HP: 30/48 MP: 2/2
  1422 | D:3      | Found a shimmering altar of Xom.
  1951 | D:3      | Reached skill level 6 in Armour
  1951 | D:3      | Reached XP level 6. HP: 54/56 MP: 3/3
  2177 | D:4      | Noticed Eustachio
  2183 | D:4      | Noticed Heini's ghost (average MiFi)
  2218 | D:4      | Noticed Pikel
  2235 | D:4      | Killed Pikel
  2235 | D:4      | Reached skill level 7 in Armour
  2235 | D:4      | Reached XP level 7. HP: 24/64 MP: 3/3
  2286 | D:4      | Killed Eustachio
  2316 | D:4      | Slain by Heini's ghost

Action                   |  1- 3 |  4- 6 |  7- 9 || total
-------------------------+-------+-------+-------++-------
Melee: Flail             |    96 |    48 |       ||   144
       Morningstar       |       |   102 |     7 ||   109
  Use: Potion            |       |     1 |       ||     1
       Scroll            |       |     7 |       ||     7
  Eat: Chunk             |       |     4 |       ||     4
